 Dungeon Crawl Stone Soup version 0.31.0-11-ge490571c62 (webtiles) character file.

Game seed: 1042034521051355513

52 Gadfly the Insei (level 3, -4/29 HPs)
             Began as a Demonspawn Monk on Feb 3, 2024.
             Killed by divine providence
             ... invoked by an orc priest
              (11 damage)
             ... on level 3 of the Dungeon.
             The game lasted 00:01:41 (1861 turns).

Gadfly the Insei (Demonspawn Monk)                  Turns: 1861, Time: 00:01:42

Health: -4/29      AC:  6    Str: 13    XL:     3   Next: 60%
Magic:  3/3        EV: 13    Int: 10    God:
Gold:   146        SH:  0    Dex: 15    Spells: 2/2 levels left

rFire   . .          .
                       - Unarmed
rCold   . . .        c - orb {light}
rNeg    . . .        a - +0 robe
rPois   .            (no helmet)
rElec   .            h - +1 cloak
rCorr   .            (no gloves)
SInv    .            (no boots)
Will    .....        (no amulet)
Stlth   +            (no ring)
HPRegen 0.24/turn    (no ring)
MPRegen 0.08/turn

%: no passive effects
@: glowing
A: icy blue scales 1
a: no special abilities


You were on level 3 of the Dungeon.
You visited 1 branch of the dungeon, and saw 3 of its levels.

You collected 146 gold pieces.

Inventory:

Hand Weapons
 i - a +0 dagger of protection
Armour
 a - a +0 robe (worn)
 c - an orb of light (worn)
 h - a +1 cloak (worn)
Potions
 b - a potion of ambrosia
 d - a potion of heal wounds
 f - a potion of attraction
 g - a potion of cancellation
 l - a potion of might
 m - a potion of curing


   Skills:
 - Level 3.0 Fighting
 + Level 2.9 Dodging
 * Level 3.1 Unarmed Combat
 * Level 1.6 Evocations
 * Level 1.2 Shapeshifting


You had 2 spell levels left.
You didn't know any spells.
Your spell library contained the following spells:

 Spells                   Type           Power      Damage    Failure   Level
 Ozocubu's Armour         Ice            0%         N/A       75%         3
 Metabolic Englaciation   Hex/Ice        0%         N/A       100%        5
 Sculpt Simulacrum        Ice/Alch       0%         N/A       100%        6


Dungeon Overview and Level Annotations

Branches:
Dungeon (3/15)

Altars:
Yredelemnul


Innate Abilities, Weirdness & Mutations

You are partially covered in icy blue scales. (AC +2)


Message History

You hit the orc.
The orc is moderately wounded.
You hit the orc but do no damage.
The orc is moderately wounded.
The orc hits you with a +0 short sword. The orc misses you.
You hit the orc but do no damage.
The orc is moderately wounded.
The orc hits you but does no damage.
The orc priest hits you but does no damage.
The orc closely misses you.
You barely miss the orc.
The orc is moderately wounded.
The orc hits you with a +0 short sword.
The orc priest hits you from afar with a +0 trident.
The orc closely misses you.
You hit the orc.
The orc is severely wounded.
The orc completely misses you.
The orc priest calls upon Beogh to heal the orc.
The orc's wounds heal themselves!
The orc hits you with a +0 falchion.
You are too injured to fight recklessly!
You are too injured to fight recklessly!
You are too injured to fight recklessly!
You are too injured to fight recklessly!
You are too injured to fight recklessly!
You are too injured to fight recklessly!
You are too injured to fight recklessly!
You are too injured to fight recklessly!
You are too injured to fight recklessly!
You are too injured to fight recklessly!
You are too injured to fight recklessly!
You are too injured to fight recklessly!
You are too injured to fight recklessly!
Unknown command.
The orc attacks as it pursues you! The orc barely misses you.
The orc priest hits you with a +0 trident.
* * * LOW HITPOINT WARNING * * *
The orc priest invokes the aid of Beogh against you.
Beogh smites you!
You die...

#.# #.........### #.#
#...........# #.#
#.........#.#
#######.####...#######.#
........................
........................
......o.o)!.............
.......o................
.....##@####...#########
.... #.# #...# # .. #.#
#...# #.. #...# ##.
....# ###....#


You could see an orc priest and 2 orcs.

Vanquished Creatures
  An adder (D:2)
  2 dart slugs (D:1)
  A ribbon worm (D:2)
  An orc (D:3)
  6 ball pythons
  4 endoplasms
  A giant cockroach (D:1)
  4 goblins
  3 hobgoblins
  2 bats
  2 frilled lizards
  4 kobolds
  3 rats
34 creatures vanquished.

Notes
Turn   | Place    | Note
-------+----------+-------------------------------------------
     0 | D:1      | Gadfly the Demonspawn Monk began the quest for the Orb.
     0 | D:1      | Reached XP level 1. HP: 18/18 MP: 1/1
   343 | D:1      | Gained mutation: You are partially covered in icy blue
                  | scales. (AC +2) [demonic ancestry]
   343 | D:1      | Reached XP level 2. HP: 22/24 MP: 2/2
   584 | D:1      | Reached skill level 1 in Evocations
  1060 | D:2      | Reached skill level 1 in Shapeshifting
  1060 | D:2      | Reached XP level 3. HP: 17/29 MP: 3/3
  1209 | D:2      | Identified the +4 chain mail "Bageoc" {^Drain Str+2 Int+4
                  | Dex+3}
  1219 | D:2      | Found a basalt altar of Yredelemnul.
  1846 | D:3      | Identified the +2 scale mail "Bihary" {rC++ rN+ rCorr
                  | Dex-4}
  1861 | D:3      | Killed from afar by an orc priest

Illustrated notes

Levels and vault maps discovered:
D:1:      kilobyte_arrival_exit_the_forest, layout_loops_ring, chequers_garden,
          kennysheep_flooded_box, minmay_misc_feat_pillars, nrook_campfire,
          minmay_pentomino_v4
D:2:      layout_loops_ring, basic_altar
D:3:      layout_basic, marbit_many_paths, uniq_sigmund, uniq_grinder,
          uniq_terence, uniq_natasha

Skill      XL: |  1  2 |
---------------+-------+-----
Evocations     | 1 |  1.6
Unarmed Combat | 3 |  3.1
Shapeshifting  | 1 |  1.2
Fighting       | |  3.0
Dodging        | |  2.9

Action                     || total
---------------------------++-------
  Melee: Unarmed           ||   118
    Use: Scroll            ||     8
   Stab: Sleeping          ||     1
 Armour: Robe              ||    52
  Dodge: Dodged            ||    62
